 Dungeon Crawl Stone Soup version 0.21.1-1-g345015f (webtiles) character file.

48 torrenera the Grave Robber (level 3, -1/14 HPs)
             Began as a Felid Necromancer on Apr 10, 2018.
             Slain by a worm (8 damage)
             ... on level 2 of the Dungeon.
             The game lasted 00:03:31 (2860 turns).

torrenera the Grave Robber (Felid Necromancer)      Turns: 2860, Time: 00:03:31

Health: -1/14      AC:  1    Str:  4    XL:     3   Next: 50%
Magic:  8/16       EV: 18    Int: 16    God:
Gold:   102        SH:  0    Dex: 17    Spells: 5/6 levels left
                                        Lives:  0   Deaths: 0

rFire    . . .     SeeInvis +   (weapon unavailable)
rCold    . . .     Gourm    .   (shield unavailable)
rNeg     . . .     Faith    .   (armour unavailable)
rPois    .         Spirit   .   (helmet unavailable)
rElec    .         Reflect  .   (cloak unavailable)
rCorr    .         Harm     .   (gloves unavailable)
MR       .....                  (boots unavailable)
Stlth    +++.......             (no amulet)
HPRegen  0.04/turn              d - ring of magical power
MPRegen  0.15/turn              (no ring)

@: very slightly contaminated, quick
A: very small, no armour, no weapons or thrown items, stealth, claws 1, fangs 3,
see invisible, carnivore, speed 1, shaggy fur 1, slow metabolism 1, sharp paws
a: no special abilities


You were on level 2 of the Dungeon.
You were completely stuffed.

You visited 1 branch of the dungeon, and saw 2 of its levels.

You collected 102 gold pieces.

Inventory:

Jewellery
 d - a ring of magical power (left paw)
Scrolls
 c - 4 scrolls of identify {unknown}
 e - a scroll of enchant weapon {unknown}
 g - a scroll of blinking {unknown}
 i - a scroll of fear {unknown}
 j - a scroll of remove curse {unknown}
 l - a scroll of magic mapping {unknown}
 m - a scroll of noise {unknown}
Potions
 f - 2 potions of berserk rage {unknown}
 h - a potion of haste {unknown}
Books
 a - a book of Necromancy

   Spells                             Type                      Level
   a - Pain                           Necromancy                   1
   b - Animate Skeleton               Necromancy                   1
   c - Vampiric Draining              Necromancy                   3
   d - Regeneration                   Charms/Necromancy            3
   e - Animate Dead                   Necromancy                   4
   f - Borgnjor's Vile Clutch         Necromancy/Earth             5
Comestibles
 b - 2 rations
 k - 2 chunks of flesh


   Skills:
 - Level 2.6 Dodging
 * Level 3.5 Stealth
 - Level 2.0 Spellcasting
 + Level 5.0 Necromancy


You had 5 spell levels left.
You knew the following spells:

 Your Spells              Type           Power        Failure   Level  Hunger
a - Pain                  Necr           ###.         2%          1    #......


Dungeon Overview and Level Annotations

Branches:
Dungeon (2/15)

Altars:
Fedhas
Nemelex Xobeh

Annotations:
D:2 1 transporter


Innate Abilities, Weirdness & Mutations

You cannot wear armour.
You are incapable of wielding weapons or throwing items.
Your paws allow you to move quietly. (Stealth)
You have sharp claws.
You have razor-sharp teeth.
You have supernaturally acute eyesight. (SInv)
You are carnivorous and can eat meat at any time.
You cover ground quickly.
You are covered in fur. (AC +1)
You have a slow metabolism.
Your sharp claws are effective at attacking unaware monsters.


Message History

Casting: Pain
Confirm with . or Enter, or press ? or * to list all spells.
Aiming: Pain
Press: ? - help, Shift-Dir - straight line, f/p - worm
Aim: a worm (heavily wounded, chance to defeat MR: 82%)
The worm writhes in agony!
The worm closely misses you.
Casting: Pain
Confirm with . or Enter, or press ? or * to list all spells.
Aiming: Pain
Press: ? - help, Shift-Dir - straight line, f/p - worm
Aim: a worm (severely wounded, chance to defeat MR: 82%)
The worm writhes in agony!
Casting: Pain
Confirm with . or Enter, or press ? or * to list all spells.
Aiming: Pain
Press: ? - help, Shift-Dir - straight line, f/p - worm
Aim: a worm (severely wounded, chance to defeat MR: 82%)
The worm barely resists.
The worm bites you!
Ouch! That really hurt!
You die...

#..## #.........>.............
###.## #...............^###..##
..#.#### ##.............### #..#
.......# #............## #..#
#......##.. .#.#.#...# #..#
#..>........#####.#..##..# #..#
#.......)..##.....##.###.## #..#
............#.....##..##..# #..#
#......#.......w@.........# #..##
#.)#...###........(##.##### #.<.#
#.###...##.#............## #.#..
..# #.#.##..#......###...# #....
#.# #.#.### ######## ##### ###..
..# #.#.#.#▓▓▓▓▓▓▓###▓▓▓▓▓▓▓ #..
#####..[..#▓⌠.©.⌠▓§.§▓⌠.©.⌠▓ #..
#...#..#..#▓.....▓._.▓.?(..▓###..
#...#÷....#▓.....▓...▓..8..▓#....


You could see a worm.

Vanquished Creatures
  An adder (D:2)
  2 worms (D:2)
  A leopard gecko (D:1)
  6 hobgoblins (D:1)
  2 bats (D:1)
  A frilled lizard (D:2)
  7 goblins
  7 kobolds
  4 rats
31 creatures vanquished.

Notes
Turn   | Place    | Note
-------+----------+-------------------------------------------
     0 | D:1      | torrenera the Felid Necromancer began the quest for the Orb.
     0 | D:1      | Reached XP level 1. HP: 7/7 MP: 4/4
   853 | D:1      | Reached XP level 2. HP: 9/11 MP: 3/6
  1916 | D:2      | Reached XP level 3. HP: 8/14 MP: 7/7
  2137 | D:2      | Found a blossoming altar of Fedhas.
  2392 | D:2      | Reached skill level 5 in Necromancy
  2626 | D:2      | Found a sparkling altar of Nemelex Xobeh.
  2626 | D:2      | Found a transporter.
  2860 | D:2      | Slain by a worm

Skill      XL: |  1  2  3 |
---------------+----------+-----
Stealth        | 3 |  3.5
Necromancy     | 5 |  5.0
Dodging        | |  2.6
Spellcasting   | |  2.0

Action                   || total
-------------------------++-------
Melee: Unarmed           ||    23
       Bite              ||     1
 Cast: Pain              ||    63
 Stab: Distracted        ||     1
       Sleeping          ||     2
  Eat: Chunk             ||    12
Armor: Skin              ||     2
Dodge: Dodged            ||    39
